 Dungeon Sprint DCSS version 0.30.0-29-ga12c61a403 (webtiles) character file.

Game seed: 17365405656409816565

6632 boopmooplesden the Impaler (level 10, -2/111 HPs)
             Began as a Minotaur Berserker on June 20, 2023.
             Was a High Priest of Trog.
             Slain by a ten-headed hydra (12 damage)
             ... in the Dungeon (Sprint IX: "|||||||||||||||||||||||||||||").
             The game lasted 00:02:33 (896 turns).

boopmooplesden the Impaler (Minotaur Berserker)      Turns: 896, Time: 00:02:33

Health: -2/111     AC: 11    Str: 23    XL:     10   Next: 72%
Magic:  3/3        EV: 15    Int:  9    God:    Trog [*****.]
Gold:   0          SH:  0    Dex: 14    Spells: 9/9 levels left

rFire   . . .        u - +5 glaive (antimagic)
rCold   . . .        (shield currently unavailable)
rNeg    . . .        m - +2 ring mail
rPois   .            (helmet restricted)
rElec   .            (no cloak)
rCorr   .            (no gloves)
SInv    .            l - +0 pair of boots
Will    ++...        (no amulet)
Stlth   +            o - +3 ring of dexterity
HPRegen 1.38/turn    n - +3 ring of intelligence
MPRegen 0.08/turn

%: no teleportation
@: strong-willed, on berserk cooldown, regenerating, hasted and slowed
A: horns 2, retaliatory headbutt
a: Renounce Religion, Berserk, Trog's Hand, Brothers in Arms


You were in the Dungeon.
You worshipped Trog.
Trog was extremely pleased with you.
You visited 1 branch

Inventory:

Hand Weapons
 a - a +0 spear
 k - a +2 halberd of venom
 p - a +2 heavy trident
 u - a +5 antimagic glaive (weapon)
Armour
 b - a +0 animal skin
 l - a +0 pair of boots (worn)
 m - a +2 ring mail (worn)
Jewellery
 n - a +3 ring of intelligence (right hand)
 o - a +3 ring of dexterity (left hand)
 r - a ring of protection from fire
Wands
 j - a wand of roots (10)
Scrolls
 h - 3 scrolls of blinking
 s - 2 scrolls of fear
Potions
 c - 7 potions of curing
 d - 6 potions of heal wounds
 f - 4 potions of magic
 g - a potion of berserk rage
 i - a potion of invisibility
 q - a potion of resistance


   Skills:
 + Level 17.4 Fighting
 + Level 20.1 Polearms
 + Level 12.2 Armour
 + Level 9.8 Dodging


You had 9 spell levels left.
You didn't know any spells.
Your spell library was empty.

Dungeon Overview and Level Annotations

Branches:
Dungeon (1/1)

Altars:
Cheibriados
Dithmenos
Elyvilon
Fedhas
Gozag
Hepliaklqana
Kikubaaqudgha
Makhleb
Nemelex Xobeh
Okawaru
Qazlal
Ru
Sif Muna
Trog
Uskayaw
Vehumet
Wu Jian
Xom
Yredelemnul
Zin
The Shining One
Jiyva
Lugonu


Innate Abilities, Weirdness & Mutations

You have a pair of horns on your head.
You reflexively headbutt those who attack you in melee.


Message History

The nine-headed hydra bites your deep troll.
The nine-headed hydra barely misses your deep troll.
The nine-headed hydra bites your deep troll!
The nine-headed hydra bites your deep troll but does no damage.
The nine-headed hydra closely misses your deep troll.
The nine-headed hydra bites your deep troll! x2
The nine-headed hydra barely misses your deep troll.
Your deep troll barely misses the nine-headed hydra.
Your deep troll claws the nine-headed hydra!!
Your deep troll claws the nine-headed hydra.
Your deep troll tears one of the nine-headed hydra's heads off!
The eight-headed hydra grows two more!
The ten-headed hydra bites your deep troll! x3
The ten-headed hydra completely misses your deep troll.
The ten-headed hydra bites your deep troll!
The ten-headed hydra bites your deep troll but does no damage.
The ten-headed hydra bites your deep troll!
Your deep troll dies!
Your deep troll's corpse disappears in a puff of smoke!
Unknown command.
You see here a basilisk corpse.
You see here a skyshark corpse.
There is an open door to the Lair, spattered with blood here.
Things that are here:
a cane toad corpse; a wolf corpse; a water moccasin corpse You feel yourself speed up.
The ten-headed hydra misses you. The ten-headed hydra bites you.
* * * LOW HITPOINT WARNING * * *
The ten-headed hydra barely misses you.
The ten-headed hydra bites you but does no damage.
The ten-headed hydra barely misses you.
The ten-headed hydra bites you but does no damage.
The ten-headed hydra bites you!
* * * LOW HITPOINT WARNING * * *
The ten-headed hydra bites you.
* * * LOW HITPOINT WARNING * * *
The ten-headed hydra bites you!
* * * LOW HITPOINT WARNING * * *
The ten-headed hydra bites you!
You die...

▓_▓.▓.▓
▓_▓.▓.▓
▓_▓.▓.▓
▓_▓.▓F▓
▓_▓.▓S▓
▓_▓.▓†▓
▓_▓.▓l▓
▓_▓.▓D▓
▓_▓.▓@▓
▓_▓.▓.▓
▓'▓.▓.▓
▓.▓.▓(▓
▓.▓.▓.▓
▓.▓.▓.▓
▓.▓.▓.▓
▓)▓.▓.▓
▓'▓.▓.▓


You could see a ten-headed hydra, a cane toad, a water moccasin and a wyvern.

Vanquished Creatures
  2 two-headed ogres (D)
  A skyshark (D)
  A lindwurm (D)
  A gargoyle (D)
  2 cane toads (D)
  3 komodo dragons (D)
  A polar bear (D)
  2 trolls (D)
  A slime creature (D)
  A shadow (D)
  3 yaks (D)
  A wraith (D)
  3 basilisks (D)
  A water moccasin (D)
  A wolf (D)
  A gnoll sergeant (D)
  An iguana (D)
  A sleepcap (D)
  An orc wizard (D)
  An adder (D)
  An endoplasm (D)
  2 goblins (D)
  A kobold (D)
  A quokka (D)
  A frilled lizard (D)
35 creatures vanquished.

Vanquished Creatures (collateral kills)
  A two-headed ogre (D)
1 creature vanquished.

Grand Total: 36 creatures vanquished

Notes
Turn   | Place    | Note
-------+----------+-------------------------------------------
     0 | D        | boopmooplesden the Minotaur Berserker began the quest for
                  | the Orb.
     0 | D        | Reached XP level 1. HP: 19/19 MP: 0/0
     5 | D        | Reached skill level 4 in Polearms
    12 | D        | Reached ** piety under Trog
    22 | D        | Noticed an orc wizard
    22 | D        | Noticed an iguana
    22 | D        | Noticed a sleepcap
    27 | D        | Killed a sleepcap
    27 | D        | Reached *** piety under Trog
    28 | D        | Reached skill level 5 in Fighting
    28 | D        | Reached skill level 6 in Polearms
    28 | D        | Reached XP level 2. HP: 30/30 MP: 1/1
    28 | D        | Reached XP level 3. HP: 37/37 MP: 2/2
    37 | D        | Reached skill level 7 in Polearms
    37 | D        | Reached XP level 4. HP: 39/47 MP: 3/3
    38 | D        | Reached **** piety under Trog
   101 | D        | Found a snail-covered altar of Cheibriados.
   101 | D        | Found a shadowy altar of Dithmenos.
   101 | D        | Found a white marble altar of Elyvilon.
   101 | D        | Found a blossoming altar of Fedhas.
   101 | D        | Found an opulent altar of Gozag.
   102 | D        | Found a hazy altar of Hepliaklqana.
   103 | D        | Found a viscous altar of Jiyva.
   104 | D        | Found an ancient bone altar of Kikubaaqudgha.
   105 | D        | Found a corrupted altar of Lugonu.
   106 | D        | Found a burning altar of Makhleb.
   107 | D        | Found a sparkling altar of Nemelex Xobeh.
   108 | D        | Found an iron altar of Okawaru.
   109 | D        | Found a stormy altar of Qazlal.
   110 | D        | Found a sacrificial altar of Ru.
   111 | D        | Found a shimmering blue altar of Sif Muna.
   112 | D        | Found a bloodstained altar of Trog.
   113 | D        | Found a hide-covered altar of Uskayaw.
   114 | D        | Found a radiant altar of Vehumet.
   115 | D        | Found an ornate altar of the Wu Jian Council.
   116 | D        | Found a shimmering altar of Xom.
   117 | D        | Found a basalt altar of Yredelemnul.
   118 | D        | Found a glowing silver altar of Zin.
   119 | D        | Found a glowing golden altar of the Shining One.
   166 | D        | Noticed a two-headed ogre
   166 | D        | Noticed a wraith
   166 | D        | Noticed a troll
   166 | D        | Noticed a gnoll sergeant
   166 | D        | Noticed a yak
   166 | D        | Noticed a two-headed ogre
   172 | D        | Killed a two-headed ogre
   173 | D        | Reached skill level 13 in Polearms
   173 | D        | Reached skill level 5 in Dodging
   173 | D        | Reached XP level 5. HP: 61/61 MP: 4/4
   173 | D        | Reached XP level 6. HP: 68/68 MP: 5/5
   173 | D        | Reached XP level 7. HP: 74/74 MP: 6/6
   175 | D        | Killed a yak
   180 | D        | Reached skill level 14 in Polearms
   182 | D        | Killed a troll
   183 | D        | Reached XP level 8. HP: 71/85 MP: 7/7
   192 | D        | Reached ***** piety under Trog
   196 | D        | Killed a two-headed ogre
   197 | D        | Reached skill level 16 in Polearms
   401 | D        | Noticed a troll
   401 | D        | Noticed a slime creature
   401 | D        | Noticed a gargoyle
   401 | D        | Noticed a two-headed ogre
   409 | D        | Reached XP level 9. HP: 95/95 MP: 8/8
   411 | D        | Killed a two-headed ogre
   412 | D        | Reached skill level 17 in Polearms
   417 | D        | Killed a gargoyle
   418 | D        | Reached skill level 15 in Fighting
   418 | D        | Reached skill level 10 in Armour
   426 | D        | Killed a troll
   431 | D        | Received a gift from Trog
   682 | D        | Noticed a cane toad
   682 | D        | Noticed a polar bear
   682 | D        | Noticed a komodo dragon
   682 | D        | Noticed a komodo dragon
   686 | D        | Killed a komodo dragon
   687 | D        | Reached skill level 18 in Polearms
   687 | D        | Noticed a skyshark
   691 | D        | Killed a komodo dragon
   693 | D        | Killed a polar bear
   694 | D        | Reached XP level 10. HP: 107/107 MP: 9/9
   702 | D        | Killed a cane toad
   708 | D        | Killed a skyshark
   708 | D        | Received a gift from Trog
   709 | D        | Reached skill level 19 in Polearms
   862 | D        | Noticed a lindwurm
   862 | D        | Noticed a cane toad
   869 | D        | Noticed an eight-headed hydra
   870 | D        | Killed a cane toad
   874 | D        | Noticed a cane toad
   880 | D        | Killed a lindwurm
   880 | D        | Reached ****** piety under Trog
   881 | D        | Reached skill level 20 in Polearms
   896 | D        | Slain by a ten-headed hydra

Illustrated notes

Levels and vault maps discovered:
D:        linesprint [early_d, line_temple, items_1, d_10, items_2, lair_1,
          lair_end, items_3, orc_1, orc_end, items_4, d_15, swamp_1, shoals_1,
          snake_1, spider_1, d_20, vaults_1, items_5, swamp_end, shoals_end,
          snake_end, spider_end, vaults_end, d_27, items_6, zot_1, zot_end,
          crypt_end, forest_end, elf_end, slime_end, tomb_end, abyss_end,
          pan_hell_end]

Skill      XL: |  1  2  3  4  5  6  7  8  9 10 |
---------------+-------------------------------+-----
Fighting       | 5 7 11 12 14 16 17 | 17.4
Polearms       | 6 7 13 14 16 18 20 | 20.1
Armour         | 3 7 9 10 12 | 12.2
Dodging        | 3 5 6 7 8 9 |  9.8

Action                     |  1- 3 |  4- 6 |  7- 9 | 10-12 || total
---------------------------+-------+-------+-------+-------++-------
  Melee: Spear             |    24 |     2 |       |       ||    26
         Headbutt          |     4 |       |    13 |    10 ||    27
         Halberd           |       |     5 |    45 |       ||    50
         Trident           |       |       |    10 |    18 ||    28
         Glaive            |       |       |       |    18 ||    18
 Invoke: Berserk           |     1 |     1 |     2 |     1 ||     5
         Brothers in Arms  |       |       |     1 |     1 ||     2
         Trog's Hand       |       |       |       |     1 ||     1
    Use: Scroll            |       |       |       |     3 ||     3
         Potion            |       |       |       |     1 ||     1
 Armour: Ring mail         |       |       |     1 |     8 ||     9
  Dodge: Dodged            |     6 |     2 |    22 |    30 ||    60
